 Dungeon Crawl Stone Soup version 0.31-a0-1589-g8f5e8aebd6 (webtiles) character file.

Game seed: 14418073076393395073

131861 Atlas the Brawler (level 16, -6/182 HPs)
             Began as a Grey Draconian Shapeshifter on Jan 5, 2024.
             Was an Initiate of Gozag.
             Shot with a bolt by a naga sharpshooter (18 damage)
             ... on level 4 of the Snake Pit.
             The game lasted 00:53:09 (39899 turns).

Atlas the Brawler (Grey Draconian Shapeshifter)    Turns: 39899, Time: 00:53:10

Health: -6/182     AC: 19    Str: 29    XL:     16   Next: 56%
Magic:  16/16      EV: 12    Int: 13    God:    Gozag
Gold:   3014       SH:  5    Dex: 12    Spells: 15/15 levels left

rFire   + .          .
                       - Unarmed
rCold   + + +        y - melded +0 kite shield
rNeg    . . .        (body armour unavailable)
rPois   +            M - melded +2 hat
rElec   +            (cloak currently unavailable)
rCorr   .            (gloves currently unavailable)
SInv    .            p - melded +2 pair of boots
Will    ++...        d - amulet of reflection
Stlth   ++           U - ring of Tulips {rElec rF+ rC+++ Str-4 Dex+2}
HPRegen 0.50/turn    h - ring of willpower
MPRegen 0.15/turn

%: reflection
@: about to teleport, dragon-form, gold aura, flying, studying Dodging
A: dragon claw, dragon scales, flying, boosted hp, AC +14, amphibious, giant,
unfitting armour, (cold-blooded)
a: Begin Untransformation, Renounce Religion, Potion Petition, Call Merchant,
Bribe Branch


You were on level 4 of the Snake Pit.
You worshipped Gozag.
Gozag was most pleased with you.
You were a fearsome iron dragon!
You visited 4 branches of the dungeon, and saw 25 of its levels.

You collected 9838 gold pieces.
You spent 3382 gold pieces at shops.
You paid 3442 gold pieces to Gozag.

Inventory:

Missiles
 g - 34 poisoned darts
 P - 8 curare-tipped darts
Armour
 p - a +2 pair of boots (melded)
 y - a +0 kite shield (melded)
 M - a +2 hat (melded)
Jewellery
 a - a ring of willpower
 d - an amulet of reflection (around neck)
 h - a ring of willpower (right foreclaw)
 x - a +6 ring of strength
 E - a ring of resist corrosion
 F - a +6 ring of strength
 G - an amulet of guardian spirit
 N - a ring of see invisible
 S - a ring of wizardry
 U - the ring of Tulips (left foreclaw) {rElec rF+ rC+++ Str-4 Dex+2}
   (You bought it in a shop on level 13 of the Dungeon)

   [ring of protection from fire]

   Str-4:     It affects your strength (-4).
   Dex+2:     It affects your dexterity (+2).
   rF+:       It protects you from fire.
   rC+++:     It renders you almost immune to cold.
   rElec:     It insulates you from electricity.
 V - a +5 ring of evasion
Talismans
 c - a flux talisman
 z - a serpent talisman
 L - a dragon-blood talisman (active)
 W - a blade talisman
Wands
 k - a wand of iceblast (2)
 B - a wand of polymorph (1)
 K - a wand of paralysis (6)
 O - a wand of flame (5)
 R - a wand of digging (11)
 X - a wand of quicksilver (15)
Scrolls
 f - 3 scrolls of enchant weapon
 j - 4 scrolls of fear
 l - 3 scrolls of teleportation
 n - 6 scrolls of poison
 o - 2 scrolls of brand weapon {unknown}
 q - 3 scrolls of revelation
 r - 3 scrolls of blinking
 t - 5 scrolls of immolation
 D - 2 scrolls of silence {unknown}
 H - 4 scrolls of noise
 J - a scroll of summoning
 Q - 2 scrolls of torment
 T - 2 scrolls of vulnerability
 Y - 2 scrolls of enchant armour {unknown}
Potions
 b - a potion of enlightenment
 e - 5 potions of attraction
 m - a potion of curing
 s - 4 potions of resistance
 v - 5 potions of might
 w - a potion of berserk rage
 A - 3 potions of ambrosia
 C - 5 potions of mutation
 I - 2 potions of haste
Miscellaneous
 i - a condenser vane
 Z - a phial of floods


   Skills:
 + Level 7.9 Fighting
 + Level 4.6 Throwing
 + Level 11.7 Dodging
 - Level 3.4 Stealth
 + Level 10.3 Shields
 - Level 18.2 Unarmed Combat
 + Level 1.5 Evocations
 * Level 15.6 Shapeshifting


You had 15 spell levels left.
You didn't know any spells.
Your spell library contained the following spells:

 Spells                   Type           Power      Damage    Failure   Level
 Magic Dart               Conj           0%         1d3       30%         1
 Mercury Vapours          Alch/Air       0%         N/A       43%         2
 Searing Ray              Conj           0%         2d4       43%         2
 Static Discharge         Conj/Air       0%         3-3/arc   43%         2
 Dazzling Flash           Conj/Hex       0%         N/A       67%         3
 Mephitic Cloud           Conj/Alch/Air  0%         N/A       67%         3
 Ozocubu's Armour         Ice            0%         N/A       67%         3
 Stone Arrow              Conj/Erth      0%         3d7       67%         3
 Summon Ice Beast         Ice/Summ       0%         N/A       67%         3
 Airstrike                Air            0%         2d(0-16)  97%         4
 Brom's Barrelling Bould  Conj/Erth      0%         2d3       97%         4
 Dimensional Bullseye     Hex/Tloc       0%         N/A       97%         4
 Fulminant Prism          Conj/Alch      0%         3d5       97%         4
 Summon Lightning Spire   Summ/Air       0%         N/A       97%         4
 Freezing Cloud           Conj/Ice/Air   0%         6-21      100%        5
 Metabolic Englaciation   Hex/Ice        0%         N/A       100%        5
 Silence                  Hex/Air        0%         N/A       100%        5
 Summon Forest            Summ/Tloc      0%         N/A       100%        5
 Summon Mana Viper        Hex/Summ       0%         N/A       100%        5
 Sculpt Simulacrum        Ice/Alch       0%         N/A       100%        6
 Summon Cactus Giant      Summ           0%         N/A       100%        6
 Haunt                    Necr/Summ      0%         N/A       100%        7
 Spellforged Servitor     Conj/Summ      0%         N/A       100%        7
 Infestation              Necr           0%         N/A       100%        8
 Animate Dead             Necr           Unusable   N/A       N/A         4

Dungeon Overview and Level Annotations

Branches:
Dungeon (15/15)            Temple (1/1) D:5            Lair (5/5) D:10
  Swamp (0/4) Lair:2        Snake (4/4) Lair:3        Slime (0/5) Lair:4
    Orc (0/2) D:12         Vaults (0/5) D:13         Depths (0/4) D:15

Altars:
Ashenzari
Cheibriados
Dithmenos
Elyvilon
Fedhas
Gozag
Hepliaklqana
Kikubaaqudgha
Makhleb
Nemelex Xobeh
Okawaru
Qazlal
Ru
Sif Muna
Trog
Uskayaw
Vehumet
Wu Jian
Xom
Yredelemnul
Zin
The Shining One

Shops:
D:7 [   D:11 ?   D:13 ?=   Snake:1 *


Innate Abilities, Weirdness & Mutations

You are a fearsome iron dragon!
You have a powerful clawing attack.
Your giant scaled body is strong and resilient, but less evasive.
You are flying.
Your maximum health is greatly increased.
Your armour is entirely melded.
You are incapable of wielding weapons or throwing items.
Your dull iron-grey scales are very hard. (AC +14)
You are amphibious.
You cannot fit into any form of body armour.
((You are cold-blooded and may be slowed by cold attacks.))


Message History

Press: ? - help, Dir - move target, f - you
Okay, then.
Unknown command.
As you read the scroll of fear, it crumbles to dust.
You assume a fearsome visage.
The naga looks frightened! x2
The naga warrior looks frightened!
The naga looks frightened! x2
The black mamba looks frightened!
Unknown command.
As you read the scroll of teleportation, it crumbles to dust.
You feel strangely unstable.
The naga is distracted by your dazzling golden aura.
Found a shiny orb.
The naga is distracted by your dazzling golden aura.
Found a stone staircase leading up.
Your surroundings suddenly seem different.
A salamander mystic, 2 naga magi and 2 nagas come into view.
Found a lajatang.
The naga shouts!
The naga mage shouts! x2; You hear a shout!
Unknown command.
As you read the scroll of fear, it crumbles to dust.
You assume a fearsome visage.
The naga shouts!
The naga resists with almost no effort.
The naga mage looks frightened!
The salamander mystic looks frightened!
The naga mage looks frightened!
The naga looks frightened!
You hear a shout!
The naga begs for mercy.
As you read the scroll of teleportation, it crumbles to dust.
You feel strangely unstable. The naga spits poison at you.
The splash of poison hits you but does no damage.
You resist.
A naga sharpshooter comes into view. It is wielding a +0 glaive.
The naga sharpshooter shouts!
A naga comes into view. It is wielding a +0 mace.
The naga sharpshooter unwields a +0 glaive.
The naga sharpshooter wields a +0 arbalest.
The naga sharpshooter shoots a bolt.
The bolt hits you!!
You die...
Your body crumbles into a pile of gold. #......# #......# #......# #### #.....N# # ....N ###....N.#####.. ...S.
NN..............

..N..
S.....#.........
.....
N...............
.....
.......D...).N##
#...N
###......######
### #......#
#......#
#......#
##....## #.N..#
#....#


You could see a naga sharpshooter, a salamander mystic (fleeing), a black mamba,
2 naga magi and 3 nagas.

Vanquished Creatures
  A very ugly thing (D:15)
  An ironbound thunderhulk (D:13)
  A fire dragon (Lair:5)
  A salamander tyrant (Snake:1)
  Fannar (Lair:3)
  3 rakshasas
  4 hydras
  2 vault guards (D:13)
  3 centaur warriors
  5 anacondas
  3 two-headed ogres
  A death knight (D:13)
  A hell hog (Lair:5)
  3 boulder beetles
  3 death yaks
  A catoblepas (D:14)
  7 naga warriors
  6 naga sharpshooters
  3 tengu warriors
  6 shock serpents
  6 skeletal warriors
  3 skysharks
  A swamp dragon (Lair:5)
  A glowing orange brain (D:15)
  7 mana vipers
  3 wolf spider zombies (D:15)
  An arcanist (D:14)
  A lindwurm (Lair:3)
  5 naga ritualists
  An orc knight (D:10)
  2 oklob plants (Lair:4)
  5 manticores
  24 ugly things
  6 cyclopes
  3 deep elf pyromancers
  12 elephants (Lair:5)
  3 meliai (D:14)
  A rust devil (D:11)
  A faun (shapeshifter) (D:15)
  6 centaur zombies (D:15)
  2 guardian serpents
  A black mamba (shapeshifter) (D:15)
  An orange demon (D:11)
  7 salamanders
  23 black mambas
  2 gargoyles
  14 naga magi
  3 kobold demonologists
  10 cane toads
  3 rime drakes (Lair:5)
  10 komodo dragons
  A tengu conjurer (D:14)
  An unseen horror (D:11)
  An ice devil (D:11)
  7 trolls
  13 polar bears
  A queen bee (shapeshifter) (D:14)
  4 raiju (Lair:5)
  12 blink frogs
  12 dream sheep
  3 shadows
  6 slime creatures
  42 yaks
  7 wraiths
  3 wyverns
  6 wargs (Lair:5)
  A fire bat (D:8)
  A human (shapeshifter) (D:10)
  A human (D:13)
  4 basilisks (Lair:5)
  2 steam dragons
  14 vampire mosquitoes
  A chaos spawn (D:11)
  6 acid dragons
  25 nagas
  10 water moccasins
  Duvessa (D:5)
  10 hell hounds (Lair:5)
  A swamp drake (Lair:5)
  4 orc warriors
  15 black bears
  2 laughing skulls
  25 wolves
  5 ogres
  14 centaurs
  A phantom (D:4)
  9 kobold brigands
  9 bullfrogs
  2 gnoll sergeants (D:12)
  A scorpion (D:6)
  15 wights
  Dowan (D:5)
  7 killer bees
  2 electric eels
  8 howler monkeys
  4 bombardier beetles
  2 quasits (D:11)
  3 hounds
  2 jellies
  6 orc priests
  6 iguanas
  An iron imp (D:11)
  A sleepcap (D:5)
  7 orc wizards
  4 hell rats (Lair:5)
  5 gnolls
  4 adders (D:3)
  A shadow imp (D:8)
  4 white imps
  A howler monkey simulacrum (D:8)
  A ribbon worm (D:3)
  6 dart slugs
  44 orcs
  11 ball pythons
  4 bats
  9 endoplasms
  3 giant cockroaches
  12 hobgoblins
  13 jackals
  24 kobolds
  7 quokkas
  4 frilled lizards
  7 goblins
  8 rats
744 creatures vanquished.

Vanquished Creatures (collateral kills)
  A raiju (Lair:5)
1 creature vanquished.

Grand Total: 745 creatures vanquished

Notes
Turn   | Place    | Note
-------+----------+-------------------------------------------
     0 | D:1      | Atlas the Draconian Shapeshifter began the quest for the
                  | Orb.
     0 | D:1      | Reached XP level 1. HP: 16/16 MP: 1/1
    73 | D:1      | Reached XP level 2. HP: 23/23 MP: 2/2
   337 | D:1      | Reached XP level 3. HP: 28/28 MP: 3/3
   902 | D:2      | Reached skill level 4 in Unarmed Combat
  1452 | D:3      | Identified the +10 short sword "Utinar" {freeze, rF- rCorr
                  | Str+3 SInv}
  1473 | D:3      | Reached XP level 4. HP: 34/35 MP: 4/4
  1538 | D:3      | Reached skill level 1 in Throwing
  1688 | D:3      | Found a sacrificial altar of Ru.
  2170 | D:3      | Noticed a black bear
  2177 | D:3      | Killed a black bear
  2178 | D:3      | Reached XP level 5. HP: 16/40 MP: 5/5
  2559 | D:4      | Reached XP level 6. HP: 25/48 MP: 6/6
  2681 | D:4      | Reached skill level 5 in Unarmed Combat
  3281 | D:5      | Entered Level 5 of the Dungeon
  3286 | D:5      | Noticed a water moccasin
  3298 | D:5      | Killed a water moccasin
  3299 | D:5      | Your scales start taking on a dull iron-grey colour.
  3299 | D:5      | Reached XP level 7. HP: 27/55 MP: 7/7
  3486 | D:5      | Reached skill level 1 in Shields
  3617 | D:5      | Reached skill level 6 in Unarmed Combat
  3739 | D:5      | Noticed Duvessa
  3743 | D:5      | Noticed Dowan
  3760 | D:5      | Killed Duvessa
  3763 | D:5      | Killed Dowan
  3773 | D:5      | Reached skill level 5 in Shapeshifting
  3924 | D:5      | Reached XP level 8. HP: 62/62 MP: 8/8
  4126 | D:5      | Found a stormy altar of Qazlal.
  4440 | D:5      | Found a staircase to the Ecumenical Temple.
  4523 | D:5      | Reached skill level 1 in Stealth
  4619 | Temple   | Entered the Ecumenical Temple
  4624 | Temple   | Became a worshipper of Gozag Ym Sagoz the Greedy
  4691 | D:6      | Reached skill level 7 in Unarmed Combat
  4748 | D:6      | Found a shadowy altar of Dithmenos.
  5006 | D:6      | Found a blossoming altar of Fedhas.
  5066 | D:6      | You fall into a shaft and drop 1 floor!
  5073 | D:7      | Found Hehotz's Antique Armour Emporium.
  5081 | D:7      | Bought a glowing scarf for 168 gold pieces
  5461 | D:6      | Found a radiant altar of Vehumet.
  5984 | D:7      | Reached XP level 9. HP: 62/68 MP: 9/9
  6309 | D:7      | Reached skill level 8 in Unarmed Combat
  6575 | D:7      | Noticed a deep elf pyromancer
  6579 | D:7      | Killed a deep elf pyromancer
  6950 | D:8      | Reached skill level 9 in Unarmed Combat
  7146 | D:8      | Reached XP level 10. HP: 42/75 MP: 5/10
  7151 | D:8      | Reached skill level 5 in Dodging
  7322 | D:8      | Reached skill level 5 in Shields
  7854 | D:9      | Noticed a two-headed ogre
  7959 | D:9      | Noticed a two-headed ogre
  7966 | D:9      | Found a glowing silver altar of Zin.
  7980 | D:9      | Killed a two-headed ogre
  7994 | D:9      | Reached skill level 10 in Unarmed Combat
  8009 | D:9      | Found an ornate altar of the Wu Jian Council.
  8219 | D:9      | Found a snail-covered altar of Cheibriados.
  8235 | D:9      | Killed a two-headed ogre
  8790 | D:10     | Entered Level 10 of the Dungeon
  8801 | D:10     | Found a staircase to the Lair.
  8824 | D:10     | Reached XP level 11. HP: 82/82 MP: 11/11
  8938 | D:10     | Reached skill level 11 in Unarmed Combat
  9113 | D:10     | Found an ancient bone altar of Kikubaaqudgha.
  9715 | D:10     | Noticed an orc knight
  9716 | D:10     | Noticed a centaur warrior
  9728 | D:10     | Noticed a deep elf pyromancer
  9732 | D:10     | Noticed a white ugly thing
  9988 | D:10     | Noticed a boulder beetle
  9995 | D:10     | Killed a centaur warrior
 10020 | D:10     | Killed a boulder beetle
 10296 | D:10     | Killed a white ugly thing
 10543 | D:10     | Got the Grimoire of Bruises
 10894 | D:10     | Killed an orc knight
 11045 | D:11     | Reached skill level 12 in Unarmed Combat
 11748 | D:10     | Identified the +2 morningstar of Beastly Purpose {flame,
                  | +Blink rC- MP+9}
 12084 | D:11     | Bought a scroll of teleportation for 42 gold pieces
 12084 | D:11     | Bought a scroll of teleportation for 42 gold pieces
 12084 | D:11     | Bought a scroll of identify for 28 gold pieces
 12084 | D:11     | Bought a scroll of identify for 28 gold pieces
 12084 | D:11     | Bought a scroll of teleportation for 42 gold pieces
 12084 | D:11     | Bought a scroll of teleportation for 42 gold pieces
 12097 | D:11     | Reached XP level 12. HP: 79/91 MP: 10/12
 13400 | D:12     | Found a staircase to the Orcish Mines.
 13438 | D:12     | Reached skill level 13 in Unarmed Combat
 13525 | D:12     | Noticed a two-headed ogre
 14361 | D:13     | Noticed a rakshasa
 14361 | D:13     | Noticed an eight-headed hydra
 14710 | D:13     | Noticed a two-headed ogre
 14719 | D:13     | Killed a two-headed ogre
 15103 | D:13     | Noticed a centaur warrior
 15117 | D:13     | Killed a centaur warrior
 15321 | D:13     | Killed a rakshasa
 15488 | D:13     | Killed an eight-headed hydra
 15597 | D:13     | Noticed a vault guard
 15597 | D:13     | Noticed a vault guard
 15855 | D:13     | Noticed a death knight
 16210 | D:13     | Noticed an ironbound thunderhulk
 16295 | D:12     | Reached skill level 14 in Unarmed Combat
 16367 | Lair:1   | Entered Level 1 of the Lair of Beasts
 16593 | Lair:1   | Got the Treatise on Phantasmal Bad Luck
 16680 | Lair:1   | Found a hazy altar of Hepliaklqana.
 16698 | Lair:1   | Reached skill level 1 in Evocations
 17096 | Lair:2   | Identified the +8 falchion of the Enchanting Gods {freeze,
                  | Str+3}
 17115 | Lair:2   | Reached XP level 13. HP: 72/99 MP: 8/13
 17626 | Lair:2   | Found a staircase to the Swamp.
 17853 | Lair:2   | Reached skill level 10 in Shapeshifting
 19164 | Lair:3   | Found a staircase to the Snake Pit.
 19312 | Lair:3   | Noticed Fannar
 19342 | Lair:3   | Killed Fannar
 20604 | Lair:4   | Reached skill level 5 in Fighting
 20719 | Lair:4   | Reached skill level 15 in Unarmed Combat
 22552 | D:13     | Killed an ironbound thunderhulk
 22572 | D:13     | Bought a dragon-blood talisman for 1020 gold pieces
 23145 | Lair:4   | Reached XP level 14. HP: 99/107 MP: 10/14
 23585 | Lair:4   | Found a staircase to the Slime Pits.
 23783 | Lair:5   | Entered Level 5 of the Lair of Beasts
 24769 | Lair:5   | Reached skill level 16 in Unarmed Combat
 28470 | D:13     | Found a gate to the Vaults.
 28767 | D:13     | Reached skill level 17 in Unarmed Combat
 29340 | D:13     | Bought a scroll of teleportation for 30 gold pieces
 29340 | D:13     | Bought a scroll of blinking for 75 gold pieces
 29340 | D:13     | Bought a scroll of teleportation for 30 gold pieces
 29340 | D:13     | Bought a scroll of identify for 20 gold pieces
 29437 | D:14     | Reached XP level 15. HP: 101/115 MP: 15/15
 30471 | D:15     | Entered Level 15 of the Dungeon
 31977 | D:15     | Found a glowing golden altar of the Shining One.
 32165 | D:15     | HP: 4/116 [skeletal warrior/+0 hand axe (16)]
 32432 | D:13     | Bought the ring of Tulips {rElec rF+ rC+++ Str-4 Dex+2} for
                  | 1186 gold pieces
 32912 | D:15     | Found a staircase to the Depths.
 32963 | D:15     | Reached skill level 18 in Unarmed Combat
 33220 | Snake:1  | Entered Level 1 of the Snake Pit
 34532 | Snake:1  | Reached skill level 10 in Dodging
 35423 | Snake:1  | Reached XP level 16. HP: 51/124 MP: 7/16
 36639 | Snake:1  | Reached skill level 15 in Shapeshifting
 37493 | Snake:1  | Reached skill level 10 in Shields
 37719 | Snake:1  | Identified 4 scrolls of acquirement
 37719 | Snake:1  | Acquired a manual of Dodging
 37723 | Snake:1  | Acquired 1054 gold pieces
 37725 | Snake:1  | Acquired 667 gold pieces
 37727 | Snake:1  | Acquired 658 gold pieces
 37730 | Snake:1  | Bought a scroll of blinking for 255 gold pieces
 37730 | Snake:1  | Bought a scroll of teleportation for 102 gold pieces
 37730 | Snake:1  | Bought a potion of mutation for 272 gold pieces
 39743 | Snake:2  | Identified the +7 hand axe of Ilorian {venom, Dex+2 SInv}
 39885 | Snake:3  | HP: 7/182 [naga sharpshooter/arrow (11)]
 39891 | Snake:4  | Entered Level 4 of the Snake Pit
 39899 | Snake:4  | Shot with a bolt by a naga sharpshooter

Illustrated notes

Levels and vault maps discovered:
D:1:      psy_arrival_radial01, layout_loops_ring
D:2:      layout_basic
D:3:      minmay_razor_zed, layout_loops_cross, marbit_many_paths,
          small_statue_intersection, reono_crystal_passage, grunt_ministairs_1,
          minivault_19
D:4:      layout_loops_ring, serial_bayou, serial_bayou_pond_e,
          serial_bayou_ford_a, serial_bayou_pond_b, serial_bayou_lake_a,
          serial_bayou_lagoon_a, serial_bayou_pond_d
D:5:      layout_basic, nicolae_qazlal_scattered_showers,
          minmay_temple_entry_statues_fountains, corexii_corridor_pit,
          dreamdust_princess_bridge, minmay_circle_x, uniq_duvessa
D:6:      layout_loops_ring, fedhas_altar_4, mainiacjoe_overflow_paths,
          mainiacjoe_overflow_six_doors_small, kennysheep_path_1
D:7:      layout_loops_ring, serial_shops, nicolae_square_shop,
          guppyfry_early_elven_hall
D:8:      layout_loops_ring, serial_ice, serial_ice_a, serial_ice_h,
          serial_ice_g, serial_ice_f, serial_ice_b, serial_ice_o
D:9:      layout_big_octagon, nicolae_wu_jian_immortal_techniques, zin_treasury,
          slow_altar_1, moated_statue
D:10:     minmay_the_grid_triangle_9x9_rhombus_thin_mashed
          [minmay_the_grid_triangle_9x9_sprig,
          minmay_the_grid_triangle_9x9_prize_center,
          minmay_the_grid_triangle_9x9_checkered,
          minmay_the_grid_triangle_9x9_longest], layout_long_grid,
          old_standard_altar, due_unseen_surprise
D:11:     layout_rooms, serial_curves, eino_curves_02, eino_curves_04,
          nicolae_demonic_statue_gallery
D:12:     layout_roguey, kennysheep_orc_monster_closet_entryway
D:13:     layout_loops_ring, hellmonk_vaults_keyhole
D:14:     layout_rooms
D:15:     gammafunk_enter_depths_forms, layout_basic,
          nicolae_tso_carved_into_rock, serial_undead, serial_undead_b,
          serial_undead_b, serial_undead_a, serial_undead_a, serial_undead_c,
          serial_undead_a
Temple:   nicolae_temple_ecumenical_triangle
Lair:1:   layout_loops_ring, basic_altar, serial_bayou_pond_e
Lair:2:   layout_cave_pods, minmay_swamp_entry_swarm, enter_volcano_4,
          grunt_megastairs_5, infiniplex_staircase_pool_2, serial_bayou_shore_b
Lair:3:   layout_regular_city, guppyfry_snake_entry_garden, uniq_fannar
Lair:4:   layout_roguey, minmay_slime_entry_oklob_enclosed, grunt_megastairs_4,
          infiniplex_staircase_pool
Lair:5:   guppyfry_lair_end_dragon, layout_small_grid,
          hangedman_lair_caniforms_friends, st_stairs_13, grunt_megastairs_3
Snake:1:  kennysheep_snake, layout_basic, nicolae_snake_snakes_in_the_grass
Snake:2:  layout_rooms
Snake:3:  layout_onion, hellmonk_scale_shop
Snake:4:  minmay_snake_end_coiled, layout_cave_shapes

Skill      XL: |  1  2  3  4  5  6  7  8  9 10 11 12 13 14 15 16 |
---------------+-------------------------------------------------+-----
Dodging        | 2 3 4 5 6 7 8 9 10 11 | 11.7
Unarmed Combat | 4 5 6 7 9 10 12 14 15 17 18 | 18.2
Throwing       | 2 3 4 |  4.6
Fighting       | 2 3 4 5 6 7 |  7.9
Shapeshifting  | 4 5 6 7 8 9 11 13 14 15 | 15.6
Shields        | 1 3 4 6 7 8 9 10 | 10.3
Stealth        | 1 2 3 |  3.4
Evocations     | 1 |  1.5

Action                     |  1- 3 |  4- 6 |  7- 9 | 10-12 | 13-15 | 16-18 || total
---------------------------+-------+-------+-------+-------+-------+-------++-------
  Melee: Unarmed           |    99 |   133 |   220 |   721 |  1077 |   232 ||  2482
         Tailslap          |     9 |    16 |    32 |   157 |    39 |     6 ||   259
         Punch             |     2 |     2 |       |       |    34 |     6 ||    44
         Constrict         |       |       |       |       |   133 |    42 ||   175
         Bite              |       |       |       |       |       |     2 ||     2
  Throw: Javelin           |    20 |    32 |    44 |     3 |       |       ||    99
         Dart              |       |       |       |    12 |       |       ||    12
 Invoke: Call Merchant     |       |       |       |     2 |     1 |     1 ||     4
  Evoke: Wand              |       |       |     2 |     7 |    10 |       ||    19
         Condenser vane    |       |       |       |     1 |     1 |       ||     2
    Use: Potion            |       |       |     1 |     6 |    11 |     9 ||    27
         Scroll            |       |       |       |    15 |    16 |    12 ||    43
   Stab: Sleeping          |       |       |     3 |     4 |       |     1 ||     8
         Distracted        |       |       |       |     7 |    10 |     2 ||    19
         Confused          |       |       |       |     2 |       |       ||     2
 Armour: Skin              |    34 |    69 |   107 |   419 |   817 |   177 ||  1623
  Dodge: Dodged            |    61 |    87 |   123 |   314 |   496 |    91 ||  1172
  Block: Kite shield       |       |    18 |   124 |   358 |    49 |     1 ||   550
         Other             |       |       |       |       |    51 |    41 ||    92
         Reflection        |       |       |       |       |     1 |     9 ||    10
   Form: Serpent           |       |       |       |       |     4 |       ||     4
         Blade             |       |       |       |       |     3 |       ||     3
         Dragon            |       |       |       |       |       |     1 ||     1

Table legend: (Time is in decaauts)
 A = Elapsed time spent in this place.
 B = Non-inter-level travel time spent in this place.
 C = Inter-level travel time spent in this place.
 D = Time resting spent in this place.
 E = Time spent auto-exploring this place.
 F = Levels seen in this place.
 G = Mean time per level.
                   A        B        C        D        E       F      G
               +--------+--------+--------+--------+--------+-----+--------+
         Total |  39572 |  37362 |   2210 |   9136 |  22087 |  25 | 1582.9 |
       Dungeon |  21417 |  19979 |   1438 |   4238 |  12053 |  15 | 1427.8 |
        Temple |     10 |      1 |      9 |      0 |      0 |   1 |   10.0 |
          Lair |  12822 |  12097 |    725 |   3257 |   7129 |   5 | 2564.4 |
     Snake Pit |   5322 |   5285 |     37 |   1640 |   2905 |   4 | 1330.5 |
               +--------+--------+--------+--------+--------+-----+--------+

Top non-repeatable levels by time:
 Snake:1: 4101 daAuts
  Lair:5: 3940 daAuts
    D:13: 3269 daAuts
  Lair:3: 3226 daAuts
  Lair:4: 2600 daAuts
    D:10: 2503 daAuts
  Lair:2: 2039 daAuts
    D:15: 1946 daAuts
    D:11: 1741 daAuts
    D:12: 1524 daAuts
     D:5: 1390 daAuts
    D:14: 1252 daAuts
     D:8: 1229 daAuts
 Snake:2: 1169 daAuts
     D:9: 1162 daAuts
